 Dungeon Crawl Stone Soup version 0.29-a0-512-gf59ac788ac (webtiles) character file.

Game seed: 369976868884487672

116 ytrimaz the Shield-Bearer (level 5, -6/42 HPs)
             Began as a Formicid Fighter on May 29, 2022.
             Mangled by Menkaure (10 damage)
             ... on level 4 of the Dungeon.
             The game lasted 00:02:59 (2955 turns).

ytrimaz the Shield-Bearer (Formicid Fighter)        Turns: 2955, Time: 00:02:59

Health: -6/42      AC: 12    Str: 23    XL:     5   Next: 21%
Magic:  14/14      EV:  9    Int:  7    God:
Gold:   164        SH:  4    Dex: 10    Spells: 4/4 levels left

rFire   . . .      SeeInvis +   a - +1 war axe
rCold   . . .      Faith    .   c - +0 buckler
rNeg    . . .      Spirit   .   b - +1 scale mail
rPois   .          Reflect  .   (helmet unavailable)
rElec   .          Harm     .   e - +2 cloak
rCorr   .          Rampage  .   (no gloves)
Will    .....                   f - +0 pair of boots
Stlth   ..........              n - amulet of regeneration
HPRegen 0.94/turn               k - ring of magical power
MPRegen 0.14/turn               m - +4 ring of slaying

@: no status effects
A: permanent stasis, dig shafts and tunnels, antennae 3, four strong arms
a: Dig, Shaft Self


You were on level 4 of the Dungeon.
You visited 1 branch of the dungeon, and saw 4 of its levels.

You collected 164 gold pieces.

Inventory:

Hand Weapons
 a - a +1 war axe (weapon)
Armour
 b - a +1 scale mail (worn)
 c - a +0 buckler (worn)
 e - a +2 cloak (worn)
 f - a +0 pair of boots (worn)
 l - a +0 chain mail
Jewellery
 k - a ring of magical power (left hand)
 m - a +4 ring of slaying (right hand)
 n - an amulet of regeneration (around neck)
Potions
 d - 2 potions of might
 g - a potion of mutation
 j - a potion of haste {unknown}


   Skills:
 + Level 3.8 Fighting
 + Level 3.5 Axes
 + Level 4.1 Armour
 + Level 4.7 Shields


You had 4 spell levels left.
You didn't know any spells.
Your spell library contained the following spells:

 Spells                   Type           Power      Damage    Failure   Level
 Ensorcelled Hibernation  Hex/Ice        0%         N/A       91%         2
 Passwall                 Tmut/Erth      0%         N/A       91%         2
 Ozocubu's Armour         Ice            0%         N/A       99%         3
 Metabolic Englaciation   Hex/Ice        0%         N/A       100%        5
 Simulacrum               Ice/Necr       0%         N/A       100%        6
 Swiftness                Air            Unusable   N/A       N/A         3

Dungeon Overview and Level Annotations

Branches:
Dungeon (4/15)
 Temple: D:4-7

Altars:
Vehumet
Yredelemnul

Annotations:
D:4 Menkaure


Innate Abilities, Weirdness & Mutations

You cannot be hasted, slowed, berserked, paralysed or teleported.
You can dig through walls and to a lower floor.
You have a pair of large antennae on your head. (SInv)
Your four strong arms can wield two-handed weapons with a shield.


Message History

The iguana is severely wounded.
The iguana bites you!
You slash the iguana!
You kill the iguana!
You have reached level 5!
You see here an iguana corpse.
An endoplasm comes into view.
Found a stone staircase leading down.
You slash the endoplasm!
You kill the endoplasm!
HP restored.
Things that are here:
a +0 whip; a +0 spear; a gnoll corpse Menkaure, Prince of Dust comes into view.
Menkaure shouts!
Menkaure is nearby!
Menkaure is nearby!
Found a leather armour.
Menkaure points at you and mumbles some strange words.
Pain shoots through your body!
A kobold comes into view. It is wielding a +0 dagger.
The kobold shouts!
Menkaure gestures wildly while chanting.
Menkaure seems to speed up.
Menkaure hits you!
You slash Menkaure!
Menkaure is moderately damaged.
Menkaure hits you but does no damage.
You hit Menkaure but do no damage.
Menkaure is moderately damaged.
You hit the kobold. Menkaure hits you! The kobold hits you but does no damage.
Menkaure barely misses you. You block the kobold's attack.
You slash Menkaure!
Menkaure is almost destroyed.
You hit the kobold.
You kill the kobold!
Menkaure hits you!
* * * LOW HITPOINT WARNING * * *
Menkaure hits you!
You die...

...........#########
#.................... .
#....................
..##.................?..
...........##...........
...........##...........
....................)...
............#...####)###
......M@....#..##.......
......).....#..#.♣#####♣
............####.##...##
...............#.#.♣.♣.#
...............#.#..>..#
....####.......#.#.♣.♣.#
#... ####.##[#.##...##
#.. .. .#.♣##.##♣
##......†


You could see Menkaure (fast).

Vanquished Creatures
  An iguana (D:4)
  3 gnolls (D:4)
  A dart slug (D:1)
  8 orcs
  2 ball pythons (D:3)
  6 endoplasms
  A giant cockroach (D:3)
  4 goblins
  7 hobgoblins
  4 kobolds
  2 quokkas
  6 bats
  A frilled lizard (D:1)
  6 rats
52 creatures vanquished.

Notes
Turn   | Place    | Note
-------+----------+-------------------------------------------
     0 | D:1      | ytrimaz the Formicid Fighter began the quest for the Orb.
     0 | D:1      | Reached XP level 1. HP: 18/18 MP: 1/1
   307 | D:1      | Reached XP level 2. HP: 22/24 MP: 2/2
  1575 | D:2      | Reached XP level 3. HP: 29/29 MP: 3/3
  2313 | D:3      | Reached XP level 4. HP: 36/36 MP: 4/4
  2565 | D:3      | Found a faded altar of an unknown god.
  2756 | D:4      | Found a radiant altar of Vehumet.
  2812 | D:4      | Found a basalt altar of Yredelemnul.
  2907 | D:4      | Reached XP level 5. HP: 32/42 MP: 5/5
  2948 | D:4      | Noticed Menkaure
  2955 | D:4      | Mangled by Menkaure

Illustrated notes

Levels and vault maps discovered:
D:1:      lemuel_arrival_tunnels, layout_basic, serial_forest,
          infiniplex_forest_end_1, infiniplex_forest_straight_2,
          infiniplex_forest_end_1, infiniplex_forest_diagonal,
          infiniplex_forest_straight_3
D:2:      layout_loops_ring
D:3:      layout_loops_ring, ebering_ecumenical_altar_sacrificial
D:4:      kennysheep_big_flooded_room, layout_basic, amcnicky_altar_gilded,
          mainiacjoe_overflow_paths, minmay_temple_entry_from_below_a,
          grunt_ministairs_11, uniq_crazy_yiuf_cottage, uniq_menkaure,
          uniq_natasha

Skill      XL: |  1  2  3  4 |
---------------+-------------+-----
Armour         | 4 |  4.1
Axes           | 3 |  3.5
Fighting       | |  3.8
Shields        | |  4.7

Action                   |  1- 3 |  4- 6 || total
-------------------------+-------+-------++-------
Melee: War axe           |    95 |    33 ||   128
  Use: Scroll            |     6 |     3 ||     9
Armor: Scale mail        |    67 |    17 ||    84
Dodge: Dodged            |    68 |    17 ||    85
Block: Buckler           |    33 |    10 ||    43

Table legend: (Time is in decaauts)
 A = Elapsed time spent in this place.
 B = Non-inter-level travel time spent in this place.
 C = Inter-level travel time spent in this place.
 D = Time resting spent in this place.
 E = Time spent auto-exploring this place.
 F = Levels seen in this place.
 G = Mean time per level.
                   A        B        C        D        E       F      G
               +--------+--------+--------+--------+--------+-----+--------+
         Total |   3005 |   2911 |     94 |      0 |   2420 |   4 |  751.2 |
       Dungeon |   3005 |   2911 |     94 |      0 |   2420 |   4 |  751.2 |
               +--------+--------+--------+--------+--------+-----+--------+

Top non-repeatable levels by time:
     D:1: 1480 daAuts
     D:2: 696 daAuts
     D:3: 614 daAuts
     D:4: 214 daAuts
